 Dungeon Sprint DCSS version 0.19.0-2-gae57169 (webtiles) character file.

991 LORDOFBUTT the Jinx (level 7, -1/32 HPs)
             Began as a Spriggan Enchanter on Nov 4, 2016.
             Was an Initiate of Dithmenos.
             Slain by a deep troll (12 damage)
             ... in the Dungeon (Sprint I: "Red Sonja").
             The game lasted 00:02:06 (427 turns).

LORDOFBUTT the Jinx (Spriggan Enchanter)             Turns: 427, Time: 00:02:06

Health: -1/32      AC:  3    Str:  5    XL:     7   Next: 98%
Magic:  22/24      EV: 18    Int: 17    God:    Dithmenos [......]
Gold:   405        SH:  0    Dex: 17    Spells: 5 memorised, 20 levels left

rFire  . . .     SeeInvis +     l - +3 short sword (venom)
rCold  . . .     Gourm    .     b - +1 robe
rNeg   . . .     Faith    .     (shield restricted)
rPois  .         Spirit   .     (helmet restricted)
rElec  .         Reflect  .     (no cloak)
rCorr  .         Harm     .     (gloves unavailable)
MR     +....     NoTele   +     (boots unavailable)
Stlth  ++++++....               (no amulet)
                                (no ring)
                                i - ring of stealth

@: very quick
A: unfitting armour, see invisible, herbivore 3, speed 3, slow metabolism 2
a: Renounce Religion


You were in the Dungeon.
You worshipped Dithmenos.
Dithmenos was noncommittal.
You were not hungry.

You visited 1 branch You collected 405 gold pieces.

Inventory:

Hand Weapons
 k - a +4 blowgun
 l - a +3 short sword of venom (weapon)
Missiles
 m - 6 curare-tipped needles
Armour
 b - a +1 robe (worn)
Jewellery
 i - a ring of stealth (left hand)
Scrolls
 j - a scroll of blinking
Potions
 e - a potion of curing
 f - a potion of heal wounds
 g - a potion of haste
 h - 2 potions of magic
Books
 c - a book of Maledictions

   Spells                             Type                      Level
   a - Corona                         Hexes                        1
   b - Ensorcelled Hibernation        Hexes/Ice                    2
   c - Confuse                        Hexes                        3
   d - Tukima's Dance                 Hexes                        3
   e - Dazzling Spray                 Conjuration/Hexes            3
Comestibles
 d - a bread ration


   Skills:
 - Level 1.1 Short Blades
 - Level 3.0 Dodging
 + Level 12.6 Stealth
 * Level 13.0 Spellcasting
 * Level 13.2 Hexes


You had 20 spell levels left.
You knew the following spells:

 Your Spells              Type           Power        Failure   Level  Hunger
a - Corona                Hex            ######.      1%          1    None
b - Ensorcelled Hibernat  Hex/Ice        ####..       1%          2    None
c - Confuse               Hex            ######..     1%          3    None
d - Tukima's Dance        Hex            ######..     1%          3    None
e - Dazzling Spray        Conj/Hex       ####..       1%          3    None


Dungeon Overview and Level Annotations

Branches:
Dungeon (1/1)

Altars:
Cheibriados
Dithmenos
Elyvilon
Fedhas
Gozag
Hepliaklqana
Kikubaaqudgha
Nemelex Xobeh
Okawaru
Qazlal
Ru
Sif Muna
Trog
Uskayaw
Vehumet
Yredelemnul
Zin
The Shining One

Shops:
D ([


Innate Abilities, Weirdness & Mutations

You are very small and have problems with some larger weapons.
You are too small for most types of armour.
You have supernaturally acute eyesight. (SInv)
You are a herbivore.
You cover ground extremely quickly.
You need consume almost no food.


Message History

Okay, then.
Casting: Confuse
Confirm with . or Enter, or press ? or * to list all spells.
Aiming: Confuse
Press: ? - help, Shift-Dir - straight line, f/p - deep troll
Aim: a deep troll (chance to defeat MR: 58%)
The deep troll appears confused.
You hit the deep troll.
The deep troll is poisoned.
The deep troll is lightly wounded.
You barely miss the deep troll.
The deep troll is lightly wounded.
The deep troll looks very confused.
There is an open door here.
You barely miss the deep troll.
The deep troll is lightly wounded.
You hit the deep troll.
The deep troll looks as sick as possible!
The deep troll is lightly wounded.
The deep troll completely misses you. The deep troll claws you!
You die...

#..####..#...#.#
#..#__####..##)#
#..#_____##'#..+
#⌠⌠#_.∩..†'..._#
####_..__##_.#+#
#_____###'#
############.####+###
#∩........'...'$$.$$+
###++++####.)@#######
##T## #+#


You could see a deep troll (confused).

Vanquished Creatures
  Sonja (D)
  Sigmund (D)
  A yak (D)
  An ogre (D)
  A jelly (D)
  Ijyb (D)
6 creatures vanquished.

Notes
Turn   | Place    | Note
-------+----------+-------------------------------------------
     0 | D        | LORDOFBUTT the Spriggan Enchanter began the quest for the Orb.
     0 | D        | Reached XP level 1. HP: 9/9 MP: 5/5
     1 | D        | Noticed Ijyb
    17 | D        | Killed Ijyb
    17 | D        | Reached skill level 5 in Spellcasting
    17 | D        | Reached skill level 5 in Hexes
    17 | D        | Reached XP level 2. HP: 13/13 MP: 6/9
    41 | D        | Learned a level 2 spell: Ensorcelled Hibernation
    41 | D        | Noticed an ogre
    58 | D        | Killed an ogre
    58 | D        | Reached XP level 3. HP: 6/16 MP: 7/12
    58 | D        | Reached XP level 4. HP: 8/21 MP: 8/14
   256 | D        | Noticed Sigmund
   259 | D        | Killed Sigmund
   259 | D        | Reached skill level 10 in Hexes
   259 | D        | Reached XP level 5. HP: 24/24 MP: 15/18
   259 | D        | Reached XP level 6. HP: 28/28 MP: 15/19
   296 | D        | Found a deep blue altar of Sif Muna.
   298 | D        | Found a radiant altar of Vehumet.
   301 | D        | Reached skill level 10 in Stealth
   301 | D        | Reached skill level 10 in Spellcasting
   311 | D        | Found Synix's Armour Emporium.
   311 | D        | Found an ancient bone altar of Kikubaaqudgha.
   311 | D        | Found a hazy altar of Hepliaklqana.
   311 | D        | Found a stormy altar of Qazlal.
   311 | D        | Found a hide-covered altar of Uskayaw.
   311 | D        | Found a blossoming altar of Fedhas.
   311 | D        | Found a bloodstained altar of Trog.
   311 | D        | Found an iron altar of Okawaru.
   311 | D        | Found a basalt altar of Yredelemnul.
   311 | D        | Found a glowing golden altar of the Shining One.
   311 | D        | Found a snail-covered altar of Cheibriados.
   311 | D        | Found a sacrificial altar of Ru.
   311 | D        | Found a glowing silver altar of Zin.
   311 | D        | Found a shadowy altar of Dithmenos.
   311 | D        | Found a white marble altar of Elyvilon.
   311 | D        | Noticed a yak
   312 | D        | Found an opulent altar of Gozag.
   313 | D        | Killed a yak
   314 | D        | Found a sparkling altar of Nemelex Xobeh.
   320 | D        | Became a worshipper of Dithmenos the Shadowed
   344 | D        | Noticed Sonja
   348 | D        | Killed Sonja
   348 | D        | Reached XP level 7. HP: 32/32 MP: 21/24
   353 | D        | Learned a level 3 spell: Confuse
   357 | D        | Learned a level 3 spell: Tukima's Dance
   361 | D        | Learned a level 3 spell: Dazzling Spray
   382 | D        | Found Mutwon's Weapon Boutique.
   402 | D        | Noticed a deep troll
   427 | D        | Slain by a deep troll

Skill      XL: |  1  2  3  4  5  6 |
---------------+-------------------+-----
Stealth        | 6 7 9 12 | 12.6
Spellcasting   | 5 7 9 13 | 13.0
Hexes          | 5 7 10 13 | 13.2
Short Blades   | |  1.1
Dodging        | |  3.0

Action                   |  1- 3 |  4- 6 |  7- 9 || total
-------------------------+-------+-------+-------++-------
Melee: Dagger            |    15 |     4 |       ||    19
       Short sword       |       |       |     4 ||     4
 Cast: Ensorcelled Hiber |     1 |     1 |     1 ||     3
       Confuse           |       |       |     1 ||     1
  Use: Potion            |     1 |       |       ||     1
 Stab: Sleeping          |     1 |     4 |       ||     5
Armor: Robe              |       |       |     1 ||     1
Dodge: Dodged            |     9 |       |     1 ||    10
